Match 46974136
Unlisted

Match 46974136
End
Construct Section Command Post
Infantry Section
Dingo Light Scout Car
Infantry Section
Infantry Section
Construct Platoon Command Post
Unlock M3 Stuart Light Tanks
6-pounder Anti-tank Gun Team
Construct Field Infirmary
M3 Stuart Light Tank
M3 Stuart Light Tank
Infantry Section
Royal Engineer Section
Grenade Package
Selects Heavy Armor Battlegroup
Selects Light Vehicle Withdraw and Refit
Selects UNKNOWN (202330)
Selects Recon Artillery
6-pounder Anti-tank Gun Team
Recon Artillery
6-pounder Anti-tank Gun Team
Revenge
GGG
Ronaldo Weasley
The101stAirBorne ITA
Konrad Curze
FLOKL
0
0

Comments sign in to comment!

No comments posted yet!